AoeStats
← leventcevahir09

Arena

509925498Analyzed
1v1 RM · 4d ago on Sep 28, 2026· 45m 25s· 2 players
Game mode
Random Map
Map size
Tiny (2 player)
Population
200
Speed
Normal
Resources
Standard
Victory
Conquest
Starting age
Dark Age
Ending age
Imperial Age
RankedLock teamsTeams togetherTeam positionsShared explorationLock speedFull tech treeHidden civsTurbo modeCheats
Victory
Defeat
🇹🇷 Huns · Türkiye
755
+16
🇹🇷 Spanish · Türkiye
762
-16
leventcevahir09
11:34 Feudal Age
12:57 Double-Bit Axe
16:34 Castle Age
14:52 Stone Mining
15:07 Horse Collar
17:45 Bow Saw
20:51 Fervor
22:53 Gold Mining
23:10 Scale Mail Armor
23:29 Husbandry
23:47 Heavy Plow
24:55 Gold Shaft Mining
26:47 Wheelbarrow
25:59 Loom
26:24 Squires
26:41 Scale Barding Armor
27:43 Marauders
29:06 Forging
29:17 Chain Barding Armor
32:36 Imperial Age
30:50 Iron Casting
30:36 Bloodlines
32:03 Hand Cart
31:33 Town Watch
34:21 Two-Man Saw
32:44 Pikeman
34:03 Plate Barding Armor
34:29 Blast Furnace
33:45 Chain Mail Armor
33:15 Elite Tarkan
35:29 Halberdier
Civil Engineer
0:34 Loom
11:12 Feudal Age
16:16 Castle Age
14:01 Horse Collar
14:35 Stone Mining
15:06 Double-Bit Axe
16:18 Gold Mining
19:19 Wheelbarrow
19:53 Bow Saw
22:08 Town Watch
22:50 Heavy Plow
24:17 Stone Shaft Mining
25:27 Hand Cart
30:22 Imperial Age
27:31 Elite Skirmisher
28:08 Arson
31:08 Scale Barding Armor
32:41 Chemistry
32:17 Town Patrol
33:57 Two-Man Saw
34:03 Fervor
35:57 Conscription
38:32 Inquisition
Connection lost

Rejoining the realm…

Still unreachable

The connection could not be restored.

Session expired

The server has moved on; the page needs a fresh start.